[Event "Early-Titled-Tuesday-Blitz-April-16-2024"]
[Site "Chess.com"]
[Date "2024.04.16"]
[Round "6"]
[White "Juicy_Fork"]
[Black "David_George21"]
[Result "0-1"]
[WhiteElo "2489"]
[BlackElo "2319"]
[TimeControl "180+1"]
[EndTime "9:08:15 PDT"]
[Termination "David_George21 won on time"]

1. e4 c5 2. Nf3 d6 3. d4 cxd4 4. Nxd4 Nf6 5. Nc3 Nc6 6. Be3 Ng4 7. Bg5 Qb6 8. Be3 Nxe3 9. fxe3 Qxb2 10. Nd5 Kd8 11.
Be2 e6 12. Nxc6+ bxc6 13. Nf4 Qc3+ 14. Kf2 Be7 15. Rb1 g5 16. Nd3 Kc7 17. Rf1 f6 18.
Rb4 Ba6 19. Rb3 Qa5 20. Kg1 Bc4 21. Rb1 Rab8 22. Rxb8 Rxb8 23. Bg4 Qb6 24. Qf3 Bxa2 25. Qh3 Kd7 26. Re1 Rh8 27. Qh6 Bc4 28. Nf2 Qb4 29.
Rd1 Qc3 30. Qg7 Rd8 31. e5 fxe5 32. Qxh7 Qxe3 33. h3 Rf8 0-1

[Event "Early-Titled-Tuesday-Blitz-April-16-2024"]
[Site "Chess.com"]
[Date "2024.04.16"]
[Round "6"]
[White "Navyblue1"]
[Black "janhelmer03"]
[Result "0-1"]
[WhiteElo "2269"]
[BlackElo "2415"]
[TimeControl "180+1"]
[EndTime "9:08:16 PDT"]
[Termination "janhelmer03 won by resignation"]

1. d4 d5 2. c4 e6 3. Nc3 Nf6 4. cxd5 exd5 5. Bg5 c6 6. e3 Be7 7. Bd3 O-O 8. Qc2 h6 9. Bh4 Nbd7 10. Nge2 Re8 11. O-O Nf8 12. f3 c5 13. Bxf6 Bxf6 14. dxc5 Rxe3 15. Rad1 Be6 16. Be4 Qc7 17. Nxd5 Bxd5 18.
Bxd5 Rc8 19. Ng3 Qxc5 20. Qxc5 Rxc5 21. Ne4 Rc2 22. b3 Ree2 23. Rf2 Rxf2 24. Nxf2 Rxa2 25. Ne4 b6 26. Nxf6+ gxf6 27. Bc4 Kg7 28. Rd6 Ng6 29. g3 Ne5 30. f4 Nf3+ 31. Kf1 Nxh2+ 32. Kg1 Nf3+ 33.
Kf1 Nd2+ 34. Ke1 Nxc4 35. bxc4 Rc2 36. Rd4 a5 37. g4 a4 38. Kd1 Rg2 39. Kc1 a3 40.
Kb1 Rxg4 41. Ka2 Rg3 42. Rd6 h5 43. Rxb6 h4 44. Rb1 h3 45. Rh1 Kg6 46. c5 Kf5 47. c6 Ke6 48. c7 Kd7 49. Rc1 Kc8 50. Rc2 Rg2 0-1

[Event "Early-Titled-Tuesday-Blitz-April-16-2024"]
[Site "Chess.com"]
[Date "2024.04.16"]
[Round "6"]
[White "BashirliSaadat"]
[Black "DonJuanEGenaro"]
[Result "1-0"]
[WhiteElo "2341"]
[BlackElo "2003"]
[TimeControl "180+1"]
[EndTime "9:08:16 PDT"]
[Termination "BashirliSaadat won on time"]

1. d4 Nf6 2. e3 d6 3. f4 g6 4. Bd3 Bg7 5. Nf3 Bg4 6. O-O Nbd7 7. Nbd2 e5 8. fxe5 dxe5 9. Be2 exd4 10. exd4 O-O 11.
c3 c5 12. Nb3 cxd4 13. Nbxd4 Re8 14. h3 Bxf3 15. Bxf3 Qb6 16. Kh1 Rad8 17. Qc2 Ne5 18. Bg5 Nxf3 19. Rxf3 h6 20. Bh4 Rd7 21. Raf1 g5 22. Bf2 Ne4 23. Bg1 Qg6 24. Qa4 Red8 25.
Nb3 Be5 26. Bh2 Bxh2 27. Kxh2 Qd6+ 28. Kg1 Qb6+ 29. Kh1 Rd1 30. Qxe4 Qb5 31. c4 Qd7 32.
Qe2 Rxf1+ 33. Rxf1 Re8 34. Qf3 b6 35. Rd1 Qe6 36. Nd4 Qxc4 37. Nf5 Qe6 38. b3 Kh7 39. Qd3 Qe4 40. Qxe4 Rxe4 41. Rd7 Kg6 42. Ng3 1-0

[Event "Early-Titled-Tuesday-Blitz-April-16-2024"]
[Site "Chess.com"]
[Date "2024.04.16"]
[Round "6"]
[White "Bastiandash"]
[Black "SaqoChess_Twitch"]
[Result "0-1"]
[WhiteElo "2535"]
[BlackElo "2658"]
[TimeControl "180+1"]
[EndTime "9:08:17 PDT"]
[Termination "SaqoChess_Twitch won by resignation"]

1. e4 c5 2. Nf3 d6 3. c3 Nf6 4. h3 Nc6 5. Bd3 e6 6. Bc2 Be7 7. O-O O-O 8. d4 cxd4 9. cxd4 d5 10. e5 Ne4 11. Nc3 Nxc3 12. bxc3 f5 13. exf6 Bxf6 14.
Re1 Qd6 15. Ne5 Nxe5 16. dxe5 Bxe5 17. Qh5 Bh2+ 18. Kh1 h6 19. Bxh6 e5 20. Be3 e4 21.
g3 Bxg3 22. fxg3 Qxg3 23. Rg1 Qxe3 24. Rxg7+ Kxg7 25. Rg1+ Qxg1+ 26. Kxg1 Be6 27. Qe5+ Rf6 28. c4 dxc4 29. Bxe4 Rg8 30. Kh2 b6 31. h4 Rh8 32.
h5 Rxh5+ 33. Qxh5 Rh6 34. Qxh6+ Kxh6 35. Kg3 Kg5 36. Kf3 Bf5 37. Bd5 c3 38. Ke3 Kf6 39. Bb3 Ke5 40. a3 b5 41. Bd1 a5 42. Bb3 b4 43.
axb4 axb4 44. Bd1 Be4 45. Bb3 Bd5 46. Bc2 b3 47. Kd3 bxc2 0-1

[Event "Early-Titled-Tuesday-Blitz-April-16-2024"]
[Site "Chess.com"]
[Date "2024.04.16"]
[Round "6"]
[White "Ginger_GM"]
[Black "RojonR"]
[Result "0-1"]
[WhiteElo "2644"]
[BlackElo "2552"]
[TimeControl "180+1"]
[EndTime "9:08:18 PDT"]
[Termination "RojonR won by resignation"]

1. Nf3 Nf6 2. c4 e6 3. e3 c5 4. Nc3 Nc6 5. d4 cxd4 6. exd4 d5 7. c5 Be7 8. Bb5 O-O 9. O-O Bd7 10. Re1 Ne8 11. Bf4 Nc7 12. Bd3 b6 13. cxb6 axb6 14. a3 Ne8 15. Bc2 Bf6 16. Qd3 g6 17. Rad1 Bg7 18.
h4 Nf6 19. Bd6 Re8 20. Ne5 Nxe5 21. dxe5 Ng4 22. Qg3 h5 23. f3 Nh6 24. Ne2 Ba4 25.
b3 Rc8 26. Nd4 Rxc2 27. Nxc2 Bxb3 28. Rc1 Nf5 29. Qf2 Nxd6 30. exd6 Qxd6 31. Nb4 Bc4 32. Red1 Qc5 33. Nd3 Qxa3 34. Qd2 Kh7 35. Rb1 Bh6 36. Qc2 Qe7 37. Qf2 Qa3 38. Qc2 Rc8 39. Rxb6 Be3+ 40.
Kh2 Bxb6 41. Ne5 Bc7 42. f4 Bxe5 43. fxe5 Qe3 0-1

[Event "Early-Titled-Tuesday-Blitz-April-16-2024"]
[Site "Chess.com"]
[Date "2024.04.16"]
[Round "6"]
[White "Aleksandar-Topalov"]
[Black "LikeWater"]
[Result "0-1"]
[WhiteElo "2348"]
[BlackElo "2587"]
[TimeControl "180+1"]
[EndTime "9:08:19 PDT"]
[Termination "LikeWater won by resignation"]

1. b3 Nf6 2. Bb2 e6 3. Nf3 b6 4. g3 Bb7 5. Bg2 Be7 6. O-O O-O 7. d3 c5 8. Nbd2 d6 9. e4 b5 10. a4 a6 11. Qe2 Nfd7 12. e5 dxe5 13. Nxe5 Bxg2 14. Kxg2 Nxe5 15. Bxe5 Nd7 16. Bb2 Bf6 17. Bxf6 Nxf6 18. Ne4 Qd5 19. Qf3 Nd7 20. axb5 axb5 21.
c4 bxc4 22. bxc4 Qd4 23. Rxa8 Rxa8 24. Nf6+ gxf6 25. Qxa8+ Kg7 26. Qe4 Qc3 27. Qg4+ Kf8 28. Rb1 f5 29. Qf3 Ne5 30. Rb8+ Kg7 31. Qe3 h6 32.
Qxc5 Ng6 33. Qe3 f4 34. gxf4 Qf6 35. Qg3 Kh7 36. Kg1 Qa1+ 37. Kg2 Qf6 38. Kf3 Qd4 39.
f5 Qxd3+ 40. Kg2 Qxf5 41. Qc3 Nf4+ 42. Kg3 Ne2+ 0-1

[Event "Early-Titled-Tuesday-Blitz-April-16-2024"]
[Site "Chess.com"]
[Date "2024.04.16"]
[Round "6"]
[White "2Coaches1Profile"]
[Black "tsaruk_maks"]
[Result "1/2-1/2"]
[WhiteElo "2555"]
[BlackElo "2719"]
[TimeControl "180+1"]
[EndTime "9:08:20 PDT"]
[Termination "Game drawn by repetition"]

1. d4 Nf6 2. Bg5 e6 3. e4 h6 4. Bxf6 Qxf6 5. c3 d6 6. Bd3 e5 7. Ne2 Nc6 8. O-O Bd7 9. d5 Ne7 10. Nd2 g5 11. Nc4 h5 12. Ne3 h4 13. f3 O-O-O 14. c4 Ng6 15. b4 Nf4 16. a4 Rg8 17. Ng4 Qg6 18. a5 Nxd3 19. Qxd3 f5 20. Ne3 Bh6 21. exf5 Qh7 22. b5 g4 23. b6 a6 24.
bxc7 Rdf8 25. Rab1 Bxf5 26. Nxf5 Rxf5 27. c5 gxf3 28.
Rxf3 e4 29. Qxe4 Rxg2+ 30. Kh1 Rgg5 31. Qe8+ Kxc7 32. cxd6+ Kxd6 33. Qe6+ Kc7 34. Rc3+ Kb8 35. Qc8+ Ka7 36. Qc5+ Kb8 37. Qc8+ Ka7 38. Qc5+ Kb8 39.
Qc8+ 1/2-1/2

[Event "Early-Titled-Tuesday-Blitz-April-16-2024"]
[Site "Chess.com"]
[Date "2024.04.16"]
[Round "6"]
[White "albi1999"]
[Black "Cheer_Down"]
[Result "1-0"]
[WhiteElo "2641"]
[BlackElo "2494"]
[TimeControl "180+1"]
[EndTime "9:08:20 PDT"]
[Termination "albi1999 won by resignation"]

1. f4 d5 2. Nf3 Bg4 3. e3 Nd7 4. h3 Bxf3 5. Qxf3 c6 6. d4 e6 7. Bd3 Ngf6 8. O-O Be7 9. Nd2 c5 10. c3 a6 11. g4 h6 12. Qg2 g6 13. Nf3 Ne4 14. Ne5 Nxe5 15. fxe5 h5 16. Bxe4 dxe4 17. Qxe4 hxg4 18. hxg4 Qd5 19. Qxd5 exd5 20. Kg2 Kd7 21. Bd2 Rh4 22. Rxf7 Rah8 23. Rf2 Rxg4+ 24. Kf3 Rf8+ 25. Ke2 Rxf2+ 26. Kxf2 Bh4+ 27. Kf3 Rg3+ 28. Ke2 Rg2+ 29. Kd3 c4+ 30. Kc2 Bg5 31. Re1 Ke6 32. Kd1 Kf5 33. Re2 Rxe2 34. Kxe2 Ke4 35. Be1 Be7 36. Bg3 b5 37. Bf4 g5 38. Bg3 g4 39.
Bf4 Bd8 40. Bh6 Be7 41. Bg7 Kf5 42. Kf2 a5 43. Kg3 Bg5 44. Kf2 a4 45. a3 Bh4+ 46.
Ke2 Bg5 47. Bf8 Bd8 48. Bh6 Bh4 49. Bf4 Be7 50. Kf2 Bh4+ 51. Kg2 Be7 52. Kg3 Ke4 53. Kxg4 b4 54. axb4 Bxb4 55. cxb4 a3 56. bxa3 c3 57. e6 c2 58. e7 c1=Q 59. e8=Q+ Kd3 60. Qg6+ Kc4 61.
Qc6+ 1-0

[Event "Early-Titled-Tuesday-Blitz-April-16-2024"]
[Site "Chess.com"]
[Date "2024.04.16"]
[Round "6"]
[White "LeoLV10"]
[Black "Shivananda1964"]
[Result "1-0"]
[WhiteElo "2513"]
[BlackElo "2344"]
[TimeControl "180+1"]
[EndTime "9:08:20 PDT"]
[Termination "LeoLV10 won on time"]

1. e4 Nc6 2. d4 e5 3. d5 Nce7 4.
Be2 Ng6 5. Be3 Nf6 6. Nd2 Bb4 7. c3 Ba5 8. Ngf3 Bb6 9. Bxb6 axb6 10. O-O d6 11. Ne1 O-O 12. Nd3 Bd7 13. h3 h6 14. f4 exf4 15. Nxf4 Nxf4 16. Rxf4 Nh7 17.
Bd3 Qg5 18. Qf3 Bxh3 19. Rf1 Bd7 20. Nc4 f6 21. a3 b5 22. Ne3 Qe5 23. Qe2 Ng5 24.
Bxb5 Bxb5 25. Qxb5 Nxe4 26. Nf5 Ng5 27. Qxb7 Rac8 28. Qc6 Rf7 29. Qc4 Re8 30. Nh4 Qe3+ 31. Kh2 Ne4 32. R4f3 Qd2 33. Nf5 Qg5 34. Qd3 Re5 35.
Nd4 Qh4+ 36. Rh3 Qg5 37. Nf3 Qf4+ 38. g3 Qf5 39. Nxe5 1-0

[Event "Early-Titled-Tuesday-Blitz-April-16-2024"]
[Site "Chess.com"]
[Date "2024.04.16"]
[Round "6"]
[White "Rud_Makarian"]
[Black "sokidze"]
[Result "1-0"]
[WhiteElo "3019"]
[BlackElo "2814"]
[TimeControl "180+1"]
[EndTime "9:08:22 PDT"]
[Termination "Rud_Makarian won by resignation"]

1. Nf3 d5 2. g3 c5 3. Bg2 Nc6 4. O-O e5 5. d3 Be7 6. e4 d4 7. a4 g5 8. Na3 h5 9. Nc4 f6 10. h4 g4 11. Nfd2 Nh6 12. c3 Be6 13. Nb1 Nf7 14. a5 Qd7 15. Qa4 O-O 16. Nba3 Rac8 17.
Qc2 Rfd8 18. Rd1 Kg7 19. Kh2 Nh8 20. Qd2 Nf7 21. Qe2 Bf8 22. f3 Be7 23. fxg4 Bxg4 24.
Bf3 Bxf3 25. Qxf3 Rh8 26. Bd2 Rcg8 27. a6 b6 28. Nb5 Kf8 29. cxd4 exd4 30. Qf5 Qxf5 31.
exf5 Nfe5 32. Bf4 Nxc4 33. dxc4 Kf7 34. Re1 Rc8 35. Re6 Rhd8 36. Rxc6 Rxc6 37. Nxa7 Rcc8 38. Nxc8 Rxc8 39. a7 Ra8 40. Bb8 Ke8 41. Re1 Kd7 42.
Re6 Ke8 43. Rxb6 d3 44. Rb3 d2 45. Rd3 1-0

[Event "Early-Titled-Tuesday-Blitz-April-16-2024"]
[Site "Chess.com"]
[Date "2024.04.16"]
[Round "6"]
[White "Makswolf200817"]
[Black "Dixit_Nikhil"]
[Result "0-1"]
[WhiteElo "2776"]
[BlackElo "2621"]
[TimeControl "180+1"]
[EndTime "9:08:24 PDT"]
[Termination "Dixit_Nikhil won by resignation"]

1. e4 c5 2. Nf3 Nc6 3. d4 cxd4 4. Nxd4 Nf6 5. Nc3 e5 6. Ndb5 d6 7. Bg5 a6 8. Na3 b5 9. Bxf6 gxf6 10. Nd5 Bg7 11.
Bd3 Ne7 12. Nxe7 Qxe7 13. c4 O-O 14. cxb5 f5 15. O-O d5 16. exd5 e4 17. Be2 Bxb2 18. Nc4 Bxa1 19. Qxa1 axb5 20. d6 Qg5 21. Nb6 f4 22. Rd1 f3 23. Bf1 Bh3 24. g3 Bxf1 25. Nxa8 e3 26. Nb6 Be2 27. Rd5 Qh6 28. Nd7 exf2+ 29.
Kxf2 Qxh2+ 30. Ke3 Re8+ 31. Kf4 f5 32. Rxf5 Qh6+ 33.
Rg5+ Kf7 34. Ne5+ Ke6 35. d7 Rf8+ 36. Ke4 Qxg5 37. Qd4 Qf5+ 0-1

[Event "Early-Titled-Tuesday-Blitz-April-16-2024"]
[Site "Chess.com"]
[Date "2024.04.16"]
[Round "6"]
[White "Hudijegszid"]
[Black "carloseduar100"]
[Result "1-0"]
[WhiteElo "2460"]
[BlackElo "2239"]
[TimeControl "180+1"]
[EndTime "9:08:24 PDT"]
[Termination "Hudijegszid won on time"]

1. c4 e6 2. Nf3 d5 3. e3 a6 4. b3 Nf6 5. Bb2 dxc4 6. bxc4 Be7 7. Nc3 c5 8. Qb1 O-O 9. g4 Nc6 10. g5 Nd7 11. Bd3 g6 12. h4 b6 13. h5 Bxg5 14.
hxg6 h6 15. Nxg5 Qxg5 16. Ne4 Qg2 17. Ke2 f5 18. Rg1 Qh2 19. g7 Rf7 20. Rh1 Qg2 21. Nd6 Nde5 22. Rxh6 Rxg7 23. Qh1 Qg4+ 24. Kf1 Kf8 25.
Bxe5 Nxe5 26. Qxa8 Rc7 27. Nxc8 Kg7 28. Qh1 Nxd3 29. Rh7+ Kf6 30. Qh6+ Ke5 31. f4+ Ke4 32. Qh1+ Qf3+ 33. Qxf3+ Kxf3 34. Rxc7 Nb2 35. Rh7 1-0

[Event "Early-Titled-Tuesday-Blitz-April-16-2024"]
[Site "Chess.com"]
[Date "2024.04.16"]
[Round "6"]
[White "cthulhuuu"]
[Black "pfalcon1949"]
[Result "1-0"]
[WhiteElo "2431"]
[BlackElo "1932"]
[TimeControl "180+1"]
[EndTime "9:08:26 PDT"]
[Termination "cthulhuuu won by checkmate"]

1. e4 e6 2. d3 d5 3. Nd2 c5 4. Ngf3 Nc6 5. g3 Bd6 6. Bg2 Nge7 7. O-O O-O 8. Re1 f6 9. c3 d4 10. Nc4 e5 11. a4 Bc7 12. cxd4 Nxd4 13. Nxd4 Qxd4 14. Be3 Qd8 15. Bxc5 Be6 16. Rc1 Rc8 17. Bxa7 Ba5 18. Nxa5 Qxa5 19. Be3 Rxc1 20. Bxc1 Rc8 21. Bd2 Qa6 22. Bc3 Rd8 23. Bf1 Qc6 24. a5 Qc5 25. Qh5 Nc6 26. Ra1 Nd4 27. a6 bxa6 28. Rxa6 Bf7 29. Qd1 Qb5 30. Qa4 Qb7 31. Ra7 Qc8 32.
Bxd4 exd4 33. b4 h6 34. b5 Qc1 35. Qa1 Qc5 36. Ra8 Rc8 37. Rxc8+ Qxc8 38. b6 Be6 39. Qa7 Qc1 40. Qb8+ Kh7 41. Qf4 Bh3 42. Qxc1 Bg4 43. b7 h5 44. b8=Q h4 45. Qcc8 hxg3 46. Qxg4 gxh2+ 47. Kxh2 g5 48. Qh5+ Kg7 49. Qbh8# 1-0

[Event "Early-Titled-Tuesday-Blitz-April-16-2024"]
[Site "Chess.com"]
[Date "2024.04.16"]
[Round "6"]
[White "Zhigalko_Sergei"]
[Black "nihalsarin"]
[Result "1-0"]
[WhiteElo "2932"]
[BlackElo "3160"]
[TimeControl "180+1"]
[EndTime "9:08:28 PDT"]
[Termination "Zhigalko_Sergei won on time"]

1. e4 e5 2. Nf3 Nc6 3. Bc4 Bc5 4.
O-O Nf6 5. d3 d6 6. c3 a5 7. Nbd2 O-O 8. h3 Ba7 9. Re1 Be6 10. Bb5 Ne7 11. Nf1 c6 12. Ba4 Ng6 13. Ng3 d5 14. exd5 Nxd5 15. Ng5 h6 16. Nxe6 fxe6 17. Ne4 Qh4 18. Be3 Nxe3 19. fxe3 Nf4 20. Kh2 Nd5 21. Qd2 Rad8 22. Bb3 a4 23. Bxa4 Nb6 24.
Qc2 Nxa4 25. Qxa4 Rxd3 26. Rf1 Bxe3 27. Nf6+ Qxf6 28. Rxf6 Rxf6 29. Qa8+ Kh7 30. Qxb7 Bf4+ 31. Kh1 Rd6 32. Qb4 Rd2 33. a4 Re2 34. Qc4 Rxb2 35. a5 Rf8 36. a6 Rfb8 37. Qe4+ Kh8 38. a7 Ra8 39. g3 Bxg3 40. Qxc6 1-0

[Event "Early-Titled-Tuesday-Blitz-April-16-2024"]
[Site "Chess.com"]
[Date "2024.04.16"]
[Round "6"]
[White "MIss_MIaMI"]
[Black "Elnaz_Kaliakhmet"]
[Result "0-1"]
[WhiteElo "2361"]
[BlackElo "2561"]
[TimeControl "180+1"]
[EndTime "9:08:29 PDT"]
[Termination "Elnaz_Kaliakhmet won by checkmate"]

1. e4 c5 2. Nf3 Nc6 3. d4 cxd4 4. c3 dxc3 5. Nxc3 e6 6. Bc4 Bb4 7. O-O Nge7 8. Qe2 O-O 9. Bf4 Bxc3 10. bxc3 d5 11. Bd3 Qa5 12. exd5 Nxd5 13. Bd2 Nf6 14. c4 Qh5 15. h3 e5 16. Bg5 e4 17. Bxe4 Nxe4 18. Qxe4 Be6 19. Rab1 h6 20. Bh4 Bf5 21. Qd5 Qg6 22. Rxb7 Bxh3 23. Bg3 Bg4 24. Ne5 Nxe5 25. Qxe5 Rfe8 26. Qa5 Be2 27. Rc1 a6 28. Rb6 Qg4 29.
Rxa6 Rxa6 30. Qxa6 Rc8 31. f3 Qf5 32. Qa4 Qg5 33. Qc2 Bxf3 34. gxf3 Qxg3+ 35. Kf1 Qxf3+ 36. Qf2 Qh1+ 37. Qg1 Qh3+ 38. Qg2 Qd3+ 39. Qe2 Qa3 40. Rc2 Qa4 41. Kf2 Rc6 42. Qd2 Rf6+ 43. Ke2 Qe8+ 44. Kd1 Rf1+ 45. Qe1 Qxe1# 0-1

[Event "Early-Titled-Tuesday-Blitz-April-16-2024"]
[Site "Chess.com"]
[Date "2024.04.16"]
[Round "6"]
[White "NasirAkylbekov"]
[Black "MdSharifHossain"]
[Result "1-0"]
[WhiteElo "2473"]
[BlackElo "2280"]
[TimeControl "180+1"]
[EndTime "9:08:30 PDT"]
[Termination "NasirAkylbekov won by resignation"]

1. e4 e5 2. Nf3 Nc6 3. Nc3 Nf6 4. d4 exd4 5. Nxd4 Bb4 6. Nxc6 dxc6 7. Bd3 O-O 8. O-O Ng4 9. Bf4 Qe7 10. e5 Bxc3 11.
bxc3 Nxe5 12. Re1 f6 13. Bxe5 fxe5 14. Qh5 g6 15. Qxe5 Qxe5 16. Rxe5 Bf5 17. Re7 Rad8 18.
Bxf5 Rxf5 19. Rxc7 Rd2 20. Re1 Rfxf2 21. Re8+ Rf8 22.
Rxf8+ Kxf8 23. Rxb7 h5 24. Rc7 Rxc2 25. Rxc6 Kg7 26.
Rc7+ Kf6 27. Rxa7 Rxc3 28. Ra5 g5 29. h3 h4 30. Kf2 Rc2+ 31. Kf3 Rc3+ 32. Ke4 Rg3 33.
Rf5+ Kg6 34. Rf2 Ra3 35. Kd4 g4 36. hxg4 Kg5 37. Kc4 Kxg4 38. Kb4 Kg3 39. Rc2 Ra8 40. a4 Rb8+ 41. Ka3 Rf8 42. a5 Rf2 43. Rxf2 Kxf2 44. a6 Kxg2 45. a7 h3 46. a8=Q+ Kh2 47. Qf3 Kg1 48.
Qxh3 1-0

[Event "Early-Titled-Tuesday-Blitz-April-16-2024"]
[Site "Chess.com"]
[Date "2024.04.16"]
[Round "6"]
[White "AlmasRakhmatullaev"]
[Black "Polish_fighter3000"]
[Result "1-0"]
[WhiteElo "2877"]
[BlackElo "3141"]
[TimeControl "180+1"]
[EndTime "9:08:31 PDT"]
[Termination "AlmasRakhmatullaev won by checkmate"]

1. e4 e6 2. d4 d5 3. Nc3 Nf6 4. Qd3 c5 5. dxc5 Bxc5 6. Nf3 Ng4 7. Be3 Nxe3 8. fxe3 dxe4 9. Qxe4 Nd7 10. O-O-O O-O 11. Kb1 Qe7 12. Bd3 f5 13. Qf4 Bd6 14. Qd4 Nf6 15. e4 Bc5 16. Qc4 b5 17. Qxb5 a6 18. Qc4 Rb8 19. e5 Ng4 20. Qf4 Rb4 21. Qd2 Nf2 22.
Rhf1 Nxd1 23. Nxd1 Bb7 24. Ng5 h6 25. Nh3 g5 26.
Nhf2 Bxg2 27. Rg1 Qb7 28. c3 Rh4 29. Bc2 Bd5 30. Ne3 Rb8 31. b3 Rxh2 32. Nxd5 Qxd5 33. Rxg5+ hxg5 34. Qxg5+ Kh8 35. Qf6+ Kh7 36. Ng4 Rh1+ 37. Kb2 Qd7 38. Qg5 Kh8 39. Nf6 Qg7 40. Qf4 Rb6 41.
Qc4 Rh4 42. Qxc5 Rb7 43. Qc8+ Qf8 44. Qxf8# 1-0

[Event "Early-Titled-Tuesday-Blitz-April-16-2024"]
[Site "Chess.com"]
[Date "2024.04.16"]
[Round "6"]
[White "frederiksvane"]
[Black "Hikaru"]
[Result "1-0"]
[WhiteElo "3065"]
[BlackElo "3266"]
[TimeControl "180+1"]
[EndTime "9:08:33 PDT"]
[Termination "frederiksvane won by checkmate"]

1. e4 d5 2. exd5 Qxd5 3. Nc3 Qa5 4. d4 c6 5. Nf3 Bf5 6. Ne5 Nd7 7. Nc4 Qc7 8. a4 Ngf6 9. Qf3 Bg4 10. Qf4 Qxf4 11.
Bxf4 O-O-O 12. h3 Bh5 13. g4 Bg6 14. O-O-O Nd5 15. Bg3 Nxc3 16. bxc3 e6 17. Bg2 Nb6 18. Nxb6+ axb6 19. Kb2 Bd6 20. Bxd6 Rxd6 21. Ra1 Kc7 22. a5 b5 23. Kb3 Ra8 24. Rhe1 f6 25. Be4 Bf7 26. Kb4 h6 27. Bd3 Rdd8 28. f4 Kd6 29. h4 Ra7 30. c4 bxc4 31. Bxc4 Bg8 32. Ra3 Rb8 33. Rae3 b6 34. axb6 Rxb6+ 35. Kc3 Ra3+ 36. Bb3 Rb8 37. Kd2 Rb4 38. Kc3 Rb8 39. Kb2 Ra7 40. R3e2 c5 41. dxc5+ Kxc5 42. Kc3 Re7 43. Bxe6 Rc7 44.
Bxg8 Rxg8 45. Re4 Kd6+ 46. Kd3 Ra7 47. Rd4+ Kc5 48. Rc4+ Kd5 49. Ree4 Ra3+ 50. c3 Ra1 51. Red4+ Ke6 52. f5+ Ke5 53. Rc5# 1-0

[Event "Early-Titled-Tuesday-Blitz-April-16-2024"]
[Site "Chess.com"]
[Date "2024.04.16"]
[Round "6"]
[White "BogdanDeac"]
[Black "the_chess_child"]
[Result "0-1"]
[WhiteElo "3014"]
[BlackElo "2835"]
[TimeControl "180+1"]
[EndTime "9:08:33 PDT"]
[Termination "the_chess_child won by resignation"]

1. d4 Nf6 2. c4 g6 3. Nc3 Bg7 4.
e4 d6 5. Nf3 O-O 6. Bd3 Bg4 7.
Be2 Nfd7 8. Be3 Bxf3 9. Bxf3 Nc6 10. d5 Na5 11. Be2 Nb6 12. Bd4 Bxd4 13. Qxd4 c5 14. dxc6 Nxc6 15. Qd2 e5 16. b3 Nd4 17. O-O Nd7 18. f4 a5 19. Nd5 Nb6 20. Ne3 Nd7 21. Rad1 Nc5 22. Bd3 exf4 23. Rxf4 Nde6 24. Rff1 Nxd3 25.
Qxd3 Nc5 26. Qxd6 Nxe4 27. Qf4 Qb6 28. Kh1 f5 29. Nd5 Qc5 30. h3 Rad8 31. Kh2 b5 32. Rc1 bxc4 33. bxc4 Rf7 34. Rfe1 Re8 35. Red1 Nf2 36.
Rd2 Ne4 37. Rb2 Kg7 38. Rb5 Qd4 39. Rxa5 g5 40. Qe3 Qe5+ 41. Kg1 f4 42. Qb6 Ng3 43.
Nc3 Qe1+ 44. Rxe1 Rxe1+ 0-1

[Event "Early-Titled-Tuesday-Blitz-April-16-2024"]
[Site "Chess.com"]
[Date "2024.04.16"]
[Round "6"]
[White "Pedrada88"]
[Black "ChessboArt"]
[Result "1-0"]
[WhiteElo "2580"]
[BlackElo "2315"]
[TimeControl "180+1"]
[EndTime "9:08:33 PDT"]
[Termination "Pedrada88 won on time"]

1. e4 c6 2. d4 d5 3. e5 g6 4. h4 Bg7 5. h5 Nh6 6. Nc3 Bg4 7.
f3 Be6 8. Bg5 f6 9. exf6 exf6 10. Qe2 Qe7 11. Bd2 Nf5 12. O-O-O Ng3 13. Qf2 Nxh1 14.
Qh4 f5 15. Qxh1 Bxd4 16. Re1 Nd7 17. Nh3 O-O-O 18. Bg5 Bf6 19. f4 d4 20. Nd1 Rhe8 21.
hxg6 hxg6 22. Ndf2 Qd6 23. Nd3 Bxa2 24. Be2 Bd5 25. Qg1 Be4 26. Nhf2 Qd5 27. Kb1 Bxg5 28. fxg5 Ne5 29. Nf4 Qa5 30. Nxe4 fxe4 31. Rd1 Qc5 32. c3 e3 33. cxd4 Rxd4 34. Rc1 Qd6 35. Qxe3 Rd8 36. Qh3+ Kc7 37. Ne6+ Kb6 38. Nxd8 Qxd8 39.
Qb3+ Kc7 40. Bd1 Qd6 41. Bc2 Nc4 42. Qc3 Nd2+ 43. Ka2 1-0

[Event "Early-Titled-Tuesday-Blitz-April-16-2024"]
[Site "Chess.com"]
[Date "2024.04.16"]
[Round "6"]
[White "shimastream"]
[Black "viditchess"]
[Result "0-1"]
[WhiteElo "3040"]
[BlackElo "3148"]
[TimeControl "180+1"]
[EndTime "9:08:34 PDT"]
[Termination "viditchess won on time"]

1. e4 c5 2. d4 cxd4 3. Qxd4 Nc6 4.
Qd3 Nf6 5. Nc3 g6 6. Nf3 Bg7 7. Be2 O-O 8. O-O d6 9. Nd5 Nd7 10. c3 Nc5 11. Qc2 f5 12. exf5 Bxf5 13. Qd1 Kh8 14. Bg5 h6 15. Be3 g5 16. Bxc5 dxc5 17.
Ne3 Bg6 18. Qxd8 Rfxd8 19. Rfd1 a6 20. Nd2 b5 21. Nb3 c4 22. Nc5 Ne5 23. Ne6 Rxd1+ 24. Rxd1 Bf6 25. Nc7 Ra7 26. Rd8+ Kg7 27. Ned5 Bf7 28.
g3 Nd3 29. b3 Nc1 30. Bg4 cxb3 31. axb3 Bxd5 32. Nxd5 Nxb3 33. Ne3 a5 34. Be6 Nc5 35. Ba2 e6 36. Rb8 Ne4 37. Bxe6 Nxc3 38. Ng4 Bd4 39. Rd8 h5 40. Kg2 hxg4 41. Rxd4 a4 42. Rxg4 Kf6 43.
Bg8 a3 44. Rd4 a2 45. Bxa2 Nxa2 46. h4 gxh4 47. Rxh4 Rb7 48. Kf3 b4 49. Ke2 b3 50.
Rh6+ Kg7 0-1

[Event "Early-Titled-Tuesday-Blitz-April-16-2024"]
[Site "Chess.com"]
[Date "2024.04.16"]
[Round "6"]
[White "Ariadna_Atreides"]
[Black "guillembaches"]
[Result "0-1"]
[WhiteElo "2205"]
[BlackElo "2541"]
[TimeControl "180+1"]
[EndTime "9:08:34 PDT"]
[Termination "guillembaches won on time"]

1. d4 Nf6 2. Nf3 e6 3. e3 b6 4. Bd3 Bb7 5. Nbd2 c5 6. O-O cxd4 7. exd4 Be7 8. c3 O-O 9. Re1 d6 10. Nf1 Nbd7 11. Ng3 a6 12. a4 Qc7 13. Qe2 Rfe8 14.
Bg5 h6 15. Bd2 Bf8 16. Ne4 Nd5 17. c4 Ne7 18. Bf4 Nf5 19. Rac1 g6 20. g4 Nxd4 21. Nxd4 e5 22. Bg3 exd4 23. Qd2 Re6 24. f4 Rae8 25. Qc2 Qc6 26. f5 Rxe4 27. Bxe4 Rxe4 28. Rxe4 Qxe4 29.
Qxe4 Bxe4 30. fxg6 fxg6 31. Rd1 d3 32. b4 Ne5 33. c5 bxc5 34. bxc5 Nf3+ 35. Kf2 dxc5 36. Ke3 Bc6 37. Rxd3 Ng5 38. Rd8 Kf7 39. Rc8 Bxa4 40. Rc7+ Ke6 41. h4 Nf7 42. Ra7 Bb5 43. Ke4 Bd6 44. Bxd6 Nxd6+ 45. Ke3 Nf7 46. Ke4 c4 47. Rb7 c3 48. Ke3 Ne5 49. Rb6+ Kd5 50. h5 Nxg4+ 0-1

[Event "Early-Titled-Tuesday-Blitz-April-16-2024"]
[Site "Chess.com"]
[Date "2024.04.16"]
[Round "6"]
[White "Ramil_Faizrakhmanov"]
[Black "SirStrateg"]
[Result "1-0"]
[WhiteElo "2901"]
[BlackElo "2645"]
[TimeControl "180+1"]
[EndTime "9:08:35 PDT"]
[Termination "Ramil_Faizrakhmanov won by resignation"]

1. d4 d6 2. Nf3 Bg4 3. c4 Nd7 4. Nc3 c6 5. g3 Bxf3 6. exf3 e5 7. Bg2 exd4 8. Qxd4 Qb6 9. Qd1 Ngf6 10. O-O Be7 11.
Re1 Qc7 12. f4 Nc5 13. Qe2 a5 14. Be3 Kf8 15. Rad1 h5 16. h4 Ng4 17. Bd4 Ne6 18.
Bf3 Nxd4 19. Rxd4 Nf6 20. Ne4 g6 21. Ng5 Rd8 22. f5 gxf5 23. Rf4 Qd7 24. Rxf5 Qxf5 25.
Qxe7+ Kg7 26. Qxf7+ Kh6 27. Re6 Rdf8 28. Qxb7 Rhg8 29.
Qxc6 Rxg5 30. hxg5+ Kxg5 31. Rxd6 Ng4 32. Rd5 Ne5 33. Rxe5 Qxe5 34. Kg2 Qxb2 35. Qc5+ Rf5 36. Qe3+ Kf6 37. Qh6+ Ke7 38. Qh7+ Rf7 39. Qxh5 Qxa2 40. Qe5+ Kf8 41. c5 Qb3 42. Bd5 Rxf2+ 43. Kxf2 Qc2+ 44. Kf3 Qxc5 45. Qf6+ Ke8 46. Qc6+ Qxc6 47. Bxc6+ 1-0

[Event "Early-Titled-Tuesday-Blitz-April-16-2024"]
[Site "Chess.com"]
[Date "2024.04.16"]
[Round "6"]
[White "FARIZA2018"]
[Black "Titus369"]
[Result "1-0"]
[WhiteElo "2553"]
[BlackElo "2646"]
[TimeControl "180+1"]
[EndTime "9:08:37 PDT"]
[Termination "FARIZA2018 won on time"]

1. e4 c5 2. Nf3 d6 3. d4 cxd4 4.
Nxd4 Nf6 5. Nc3 a6 6. Be2 e6 7. Be3 Nbd7 8. O-O b5 9. f4 Bb7 10.
Bf3 b4 11. Na4 Nxe4 12. f5 e5 13. Nb3 Be7 14. Qd3 Ndf6 15. Rae1 O-O 16. Bb6 Qe8 17. Na5 Qxa4 18. Nxb7 Qc6 19. Bf2 Qxb7 20. Bxe4 d5 21. Bf3 e4 22. Qe3 Rac8 23. Bd1 Bc5 24. Qg5 h6 25. Qg3 d4 26. Kh1 e3 27. Bg1 Ne4 28. Qg4 Qe7 29. Rf4 Nf6 30. Qh3 Qe5 31. Rff1 Bd6 32.
Qf3 Ne4 33. Qg4 Kh8 34. g3 Nd2 35. Rf4 Qd5+ 36. Bf3 Nxf3 37. Rxf3 Rxc2 38. f6 g6 39. Rf1 e2 40. Re1 d3 41. Be3 Kh7 42. Kg2 d2 43. Qh3 1-0